 Dungeon Crawl Stone Soup version 0.28-a0-1347-g113dc556a4 (webtiles) character file.

Game seed: 15498749898187109957

65944 bluesam3 the Warrior (level 14, 0/148 HPs)
             Began as a Minotaur Berserker on Dec 29, 2021.
             Was a High Priest of Trog.
             Slain by a sun demon (3 damage)
             ... summoned by an orc high priest
             ... on level 2 of the Orcish Mines.
             The game lasted 00:59:50 (21410 turns).

bluesam3 the Warrior (Minotaur Berserker)          Turns: 21410, Time: 00:59:51

Health: 0/148      AC: 19    Str: 32    XL:     14   Next: 77%
Magic:  13/13      EV: 10    Int:  4    God:    Trog [*****.]
Gold:   1834       SH:  9    Dex: 11    Spells: 13/13 levels left

rFire   + + .      SeeInvis .   a - +9 flail (vorpal)
rCold   . . .      Faith    .   m - +0 buckler
rNeg    . . .      Spirit   .   L - +4 chain mail {rF+}
rPois   .          Reflect  +   (helmet restricted)
rElec   +          Harm     .   (no cloak)
rCorr   .          Rampage  .   (no gloves)
Will    +....                   E - +0 pair of boots
Stlth   ..........              u - amulet of reflection
HPRegen 0.34/turn               A - ring of protection from fire
MPRegen 0.13/turn               t - ring "Exogonuf" {rElec Str+6}

@: about to teleport, on berserk cooldown, slowed, very slow
A: horns 2, retaliatory headbutt
a: Renounce Religion, Berserk, Trog's Hand, Brothers in Arms


You were on level 2 of the Orcish Mines.
You worshipped Trog.
Trog was extremely pleased with you.
You visited 2 branches of the dungeon, and saw 17 of its levels.
You visited the Abyss 2 times.

You collected 1938 gold pieces.
You spent 104 gold pieces at shops.

Inventory:

Hand Weapons
 a - a +9 vorpal flail (weapon)
 b - a +0 hunting sling
 l - a +0 flail of protection
Missiles
 x - 62 sling bullets
Armour
 m - a +0 buckler (worn)
 v - a +0 plate armour
 z - a +0 robe
 E - a +0 pair of boots (worn)
 J - an orb of wrath
 L - a +4 chain mail of fire resistance (worn)
Jewellery
 h - a ring of poison resistance
 t - the ring "Exogonuf" (right hand) {rElec Str+6}
   (You acquired it on level 5 of the Dungeon)

   [ring of strength]

   Str:       It affects your strength (+6).
   rElec:     It insulates you from electricity.
 u - an amulet of reflection (around neck)
 A - a ring of protection from fire (left hand)
 G - an amulet of regeneration
 P - a +6 ring of strength
Wands
 n - a wand of paralysis (2) (quivered)
 y - a wand of digging (14)
 C - a wand of polymorph (6)
 H - a wand of charming (10)
 I - a wand of flame (30)
 Q - a wand of iceblast (4)
Scrolls
 d - 3 scrolls of noise
 e - a scroll of fear
 f - 4 scrolls of teleportation
 g - a scroll of blinking
 q - 2 scrolls of enchant weapon
 s - 4 scrolls of fog
 F - 4 scrolls of amnesia
 M - 2 scrolls of identify
 O - 2 scrolls of enchant armour
Potions
 c - 9 potions of curing
 i - 6 potions of mutation
 j - 2 potions of ambrosia
 k - 3 potions of attraction
 o - a potion of berserk rage
 p - a potion of brilliance
 r - a potion of flight
 w - a potion of invisibility
 B - 3 potions of haste
 D - a potion of lignification
 K - a potion of cancellation
 N - a potion of heal wounds


   Skills:
 * Level 20.0 Fighting
 + Level 18.8 Maces & Flails
 + Level 15.1 Armour
 - Level 2.2 Dodging
 - Level 4.0 Shields


You had 13 spell levels left.
You didn't know any spells.
Your spell library was empty.

Dungeon Overview and Level Annotations

Branches:
Dungeon (15/15)            Temple (0/1) D:6            Lair (0/6) D:8
    Orc (2/2) D:12            Elf (0/3) Orc:2        Vaults (0/5) D:14
 Depths (0/4) D:15

Altars:
Sif Muna
Trog
Wu Jian
Beogh

Shops:
D:4 *   D:13 *   Orc:1 :   Orc:2 ?


Innate Abilities, Weirdness & Mutations

You have a pair of horns on your head.
You reflexively headbutt those who attack you in melee.


Message History

The orc warrior throws a boomerang of dispersal.
You reflect the boomerang of dispersal off an invisible shield around you!
The boomerang of dispersal hits the orc warrior.
The orc warrior blinks!
The orc high priest mumbles some strange prayers to Beogh.
Things that are here:
a +0 falchion; an orc corpse You block the orc knight's attack.
You see here a +0 club.
You thump the orc knight!
The orc knight is lightly wounded.
The sun demon hits you!
You are engulfed in flames.
You resist.
The orc knight hits you with a +0 battleaxe.
You closely miss the orc knight. Your headbutt misses the orc knight.
The orc knight is lightly wounded.
You block the orc knight's attack.
You hit the orc knight.
The orc knight is moderately wounded.
You block the sun demon's attack. The sun demon closely misses you.
You furiously retaliate!
You headbutt the sun demon. You block the sun demon's attack.
The orc high priest no longer looks unusually strong.
The orc knight no longer looks unusually strong.
The orc high priest calls upon Beogh to heal the orc knight.
The orc knight is healed somewhat.
You block the sun demon's attack.
The orc knight roars a battlecry!
The orcs go into a battle-frenzy!
The orc high priest invokes the aid of Beogh against you.
Beogh smites you! The sun demon hits you!
You are engulfed in flames.
You resist.
You hear a shout!
As you read the scroll of teleportation, it crumbles to dust.
You feel strangely unstable. The sun demon hits you.
You are engulfed in flames.
You resist.
The orc knight hits you with a +0 battleaxe!!!
* * * LOW HITPOINT WARNING * * *
The sun demon hits you.
* * * LOW HITPOINT WARNING * * *
You are engulfed in flames.
You resist.
You die...

..##).## ####...####
...#...# ##..)....##
.......## #.)#)..#..#
....#...## ##...).....##
##.......# #...#...#...#
.##.#....###....)).....##
.###.....##....#...#....#
.###...#.##.............#
..##...####....#@3.#....#
.##.....# #...oo)3......#
####.#.## #....#3o.#....#
.# ##### ##.....o.....#
## #...#o..#...# #
##...o.)...## #..#o..#..#
##..)....## ###.#.###


You could see 3 orc knights, an orc high priest (strong), 3 sun demons, 2 orc
warriors and an orc priest (strong).

Vanquished Creatures
  An ironbound preserver (D:14)
  A very ugly thing (Abyss:1)
  Azrael (D:13)
  2 lorocyprocas (Abyss:2)
  A fire dragon (D:15)
  Josephine (D:13)
  2 boulder beetles (D:14)
  Erolcha (D:12)
  2 hydras
  An ice dragon (D:15)
  7 centaur warriors
  2 catoblepae
  A tengu warrior (D:12)
  5 two-headed ogres
  2 orc high priests
  A sun demon (Abyss:1)
  A thrashing horror (Abyss:1)
  A sixfirhy (Abyss:1)
  A wretched star (Abyss:1)
  A glowing orange brain (Abyss:1)
  An orange crystal statue (D:8)
  An obsidian statue (D:8)
  2 wizards
  5 deep elf pyromancers
  5 orc knights
  14 ugly things
  6 cyclopes
  2 manticores
  A will-o-the-wisp (Abyss:2)
  A worldbinder (Abyss:1)
  2 large abominations (Abyss:1)
  A titan simulacrum (Abyss:2)
  5 gargoyles
  4 orange demons (D:11)
  A smoke demon (Abyss:2)
  2 komodo dragons (D:12)
  An unseen horror (D:13)
  Maggie (D:6)
  A kobold demonologist (D:12)
  A freezing wraith (D:14)
  An efreet (D:15)
  4 tengu conjurers
  An ancient zyme (Abyss:2)
  2 red devils (D:11)
  6 meliai
  6 trolls
  13 slime creatures
  Grinder (D:6)
  Sigmund (D:2)
  7 wraiths
  12 yaks (D:9)
  A fire elemental (D:13)
  A vampire (D:10)
  2 basilisks
  A neqoxec (Abyss:1)
  A steam dragon (D:8)
  12 vampire mosquitoes
  4 wargs (Orc:1)
  2 acid dragons
  Edmund (D:6)
  A water moccasin (D:6)
  3 hell hounds (D:13)
  29 orc warriors
  5 black bears
  A sky beast (D:6)
  3 boggarts (D:14)
  2 wolves (D:8)
  A hornet zombie (D:7)
  7 ogres
  8 centaurs
  2 scorpions (D:6)
  A wyvern zombie (D:8)
  11 killer bees
  7 wights (D:9)
  2 electric eels (D:8)
  6 howler monkeys
  6 centaur zombies
  6 hounds
  2 quasits (Abyss:1)
  A gnoll shaman (D:7)
  A jelly (D:6)
  3 centaur skeletons
  24 orc priests
  3 iguanas
  27 orc wizards
  3 small abominations (Abyss:1)
  7 adders
  7 gnolls
  3 white imps
  An ufetubus (Abyss:1)
  3 adder skeletons (D:4)
  3 worms (D:3)
  2 dart slugs
  83 orcs
  2 bats
  6 endoplasms
  A giant cockroach (D:4)
  7 goblins
  6 hobgoblins (D:4)
  2 quokkas
  5 ball pythons
  14 kobolds
  8 rats
496 creatures vanquished.

Vanquished Creatures (others)
  A lurking horror (Abyss:1)
  A plant (D:3)
2 creatures vanquished.

Grand Total: 498 creatures vanquished

Notes
Turn   | Place    | Note
-------+----------+-------------------------------------------
     0 | D:1      | bluesam3 the Minotaur Berserker began the quest for the
                  | Orb.
     0 | D:1      | Reached XP level 1. HP: 19/19 MP: 0/0
   531 | D:2      | Noticed Sigmund
   544 | D:2      | Killed Sigmund
   545 | D:2      | Reached XP level 2. HP: 26/26 MP: 1/1
   545 | D:2      | Reached XP level 3. HP: 31/31 MP: 2/2
   545 | D:2      | Reached XP level 4. HP: 39/39 MP: 3/3
   545 | D:2      | Reached XP level 5. HP: 45/45 MP: 4/4
  1058 | D:2      | Found a faded altar of an unknown god.
  1574 | D:3      | Reached ** piety under Trog
  2525 | D:4      | Reached skill level 1 in Shields
  2525 | D:4      | Reached XP level 6. HP: 45/51 MP: 5/5
  2559 | D:4      | Found Heffovucs's Elemental Accessories.
  3159 | D:4      | Found a bloodstained altar of Trog.
  3175 | D:4      | Reached XP level 7. HP: 57/57 MP: 6/6
  3177 | D:4      | Reached skill level 4 in Fighting
  3471 | D:5      | Entered Level 5 of the Dungeon
  3502 | D:5      | Identified 3 scrolls of acquirement
  3502 | D:5      | Acquired an amulet of reflection
  3503 | D:5      | Acquired the ring "Exogonuf" {rElec Str+6}
  3504 | D:5      | Acquired a ring of poison resistance
  3870 | D:6      | Reached *** piety under Trog
  4035 | D:6      | Reached skill level 5 in Fighting
  4035 | D:6      | Reached skill level 10 in Maces & Flails
  4061 | D:6      | Noticed Maggie
  4074 | D:6      | Killed Maggie
  4075 | D:6      | Reached XP level 8. HP: 39/70 MP: 7/7
  4382 | D:6      | Noticed Edmund
  4393 | D:6      | Killed Edmund
  4470 | D:6      | Reached skill level 6 in Fighting
  4519 | D:6      | Found a staircase to the Ecumenical Temple.
  5135 | D:6      | Noticed Grinder
  5145 | D:6      | Paralysed by Grinder for 6 turns
  5152 | D:6      | Killed Grinder
  5153 | D:6      | Reached skill level 5 in Armour
  5153 | D:6      | Reached XP level 9. HP: 68/78 MP: 8/8
  5322 | D:7      | Reached skill level 7 in Fighting
  6169 | D:8      | Found a shimmering blue altar of Sif Muna.
  6241 | D:8      | Noticed an obsidian statue
  6256 | D:8      | Identified the +5 short sword "Afuxzo" {distort, rC- rCorr
                  | Str+7}
  6265 | D:8      | Noticed a troll
  6276 | D:8      | Killed a troll
  6472 | D:8      | Reached skill level 8 in Fighting
  6489 | D:8      | Found a staircase to the Lair.
  6850 | D:8      | Reached **** piety under Trog
  7057 | D:8      | Noticed an orange crystal statue
  7461 | D:9      | Reached XP level 10. HP: 78/90 MP: 9/9
  7578 | D:9      | Reached skill level 9 in Fighting
  7698 | D:9      | Reached skill level 10 in Fighting
  8328 | D:10     | Entered Level 10 of the Dungeon
  8806 | D:10     | Reached skill level 11 in Fighting
  9351 | D:10     | Reached XP level 11. HP: 102/102 MP: 10/10
  9827 | D:11     | Reached skill level 15 in Maces & Flails
  9830 | D:11     | Reached skill level 12 in Fighting
  9978 | D:11     | Noticed a two-headed ogre
  9986 | D:11     | Killed a two-headed ogre
  9987 | D:11     | Reached skill level 10 in Armour
 10462 | D:12     | Noticed a seven-headed hydra
 10470 | D:12     | Killed a seven-headed hydra
 10471 | D:12     | Reached skill level 13 in Fighting
 10712 | D:12     | Noticed Erolcha
 10720 | D:12     | Cast into level 1 of the Abyss (Erolcha)
 10801 | Abyss:1  | Noticed a large abomination
 10815 | Abyss:1  | Killed a large abomination
 10868 | Abyss:1  | Noticed a tentacled starspawn
 10876 | Abyss:1  | Noticed a sun demon
 10883 | Abyss:1  | Killed a sun demon
 10884 | Abyss:1  | Reached XP level 12. HP: 97/116 MP: 11/11
 10898 | Abyss:1  | Noticed a cyan very ugly thing
 10913 | Abyss:1  | Killed a cyan very ugly thing
 10914 | Abyss:1  | Reached skill level 14 in Fighting
 11187 | Abyss:1  | Lost intelligence.
 11204 | D:12     | Escaped the Abyss
 11210 | D:12     | Killed Erolcha
 11454 | D:12     | Reached skill level 15 in Fighting
 11946 | D:12     | Found a staircase to the Orcish Mines.
 12759 | D:12     | Noticed a two-headed ogre
 12765 | D:12     | Killed a two-headed ogre
 12870 | D:13     | Found the +7 sceptre of Torment {pain, torment}
 12871 | D:13     | Noticed a tengu warrior
 12918 | D:12     | Killed a tengu warrior
 12934 | D:12     | Reached skill level 16 in Fighting
 13459 | D:13     | Reached XP level 13. HP: 127/129 MP: 12/12
 13646 | D:13     | Found Avoerche's Assorted Antiques.
 13650 | D:13     | Noticed Azrael
 13666 | D:13     | Killed Azrael
 13695 | D:13     | Bought a sapphire potion for 26 gold pieces
 13695 | D:13     | Bought a scroll of identify for 58 gold pieces
 13695 | D:13     | Bought a robe for 20 gold pieces
 14022 | D:13     | Noticed Josephine
 14029 | D:13     | Killed Josephine
 15159 | D:14     | Reached skill level 17 in Fighting
 15854 | D:14     | Found a gate to the Vaults.
 15854 | D:14     | Noticed an ironbound preserver
 15860 | D:14     | Reached skill level 18 in Fighting
 15866 | D:14     | Killed an ironbound preserver
 16501 | D:15     | Entered Level 15 of the Dungeon
 17058 | D:15     | Reached XP level 14. HP: 134/144 MP: 13/13
 17116 | D:15     | Cast into level 2 of the Abyss (a wizard)
 17250 | D:15     | Escaped the Abyss
 17959 | D:15     | Found a staircase to the Depths.
 18105 | D:15     | Found an ornate altar of the Wu Jian Council.
 18274 | D:15     | Reached skill level 19 in Fighting
 19397 | Orc:1    | Entered Level 1 of the Orcish Mines
 19404 | Orc:1    | Found Neson's Book Shop.
 20252 | Orc:2    | Entered Level 2 of the Orcish Mines
 20263 | Orc:2    | Found Alakuriemm's Magic Scroll Shop.
 20416 | Orc:2    | Reached ***** piety under Trog
 20729 | Orc:2    | Found a staircase to the Elven Halls.
 20872 | Orc:2    | Reached skill level 15 in Armour
 21390 | Orc:2    | Reached skill level 20 in Fighting
 21410 | Orc:2    | HP: 3/148 [sun demon[an orc high priest] (5)]
 21410 | Orc:2    | Slain by a sun demon

Illustrated notes

Levels and vault maps discovered:
D:1:      dpeg_arrival_orchard, layout_rooms
D:2:      layout_loops_ring, shapermc_ecumenical_altar_totnotflames,
          kennysheep_generic_room_10, uniq_sigmund
D:3:      layout_loops_ring, corexii_shack
D:4:      corexii_shack_village, layout_cave_pools, trog_ov_bears_minmay,
          nicolae_elemental_shop, hex_large
D:5:      layout_rooms
D:6:      layout_gridville, minmay_temple_entry_overgrown, serial_glass,
          glass_columns_b, glass_columns_a, glass_columns_a, glass_columns_b,
          glass_columns_c, glass_columns_b, glass_columns_c, glass_columns_b,
          uniq_grinder, uniq_maggie, uniq_edmund
D:7:      layout_basic
D:8:      minmay_separated_statues, layout_loops_corners,
          mainiacjoe_overflow_six_doors_small, erik_lair_island, minmay_holes
D:9:      layout_basic
D:10:     layout_stronghold, chequers_mini_garden, kennysheep_generic_room_4
D:11:     layout_cave_pods, chequers_serial_rivers_room_b,
          minmay_beelzebubs_servants
D:12:     layout_gridville, minmay_orc_entry_temple_small, uniq_erolcha
D:13:     layout_cave_pools, serial_shops, shop, uniq_azrael, uniq_josephine
D:14:     layout_loops_ring, skrybe_vaults_entry_preservation
D:15:     grunt_enter_depths_hoard, layout_loops_corners,
          nzn_wu_jian_council_hall
Orc:1:    layout_caves, serial_shops, shop, basic_altar
Orc:2:    st_orc_pillars, layout_caves, serial_shops, shop

Skill      XL: |  1  2  3  4  5  6  7  8  9 10 11 12 13 14 |
---------------+-------------------------------------------+-----
Maces & Flails | 7 8 10 11 13 14 15 16 17 18 | 18.8
Shields        | 1 4 |  4.0
Fighting       | 5 6 8 11 13 16 18 20 | 20.0
Armour         | 3 5 7 9 10 12 13 15 | 15.1
Dodging        | |  2.2

Action                   |  1- 3 |  4- 6 |  7- 9 | 10-12 | 13-15 || total
-------------------------+-------+-------+-------+-------+-------++-------
Melee: Mace              |    19 |    50 |       |       |       ||    69
       Headbutt          |     5 |    22 |    43 |    86 |   137 ||   293
       Flail             |       |   109 |   205 |   396 |   510 ||  1220
Invok: Berserk           |     1 |     2 |     9 |    21 |    24 ||    57
       Trog's Hand       |       |     1 |       |     4 |     1 ||     6
  Use: Scroll            |       |       |    11 |    13 |     4 ||    28
       Potion            |       |       |     1 |     4 |     3 ||     8
 Stab: Petrified         |       |       |       |       |     3 ||     3
       Distracted        |       |       |       |       |     1 ||     1
Armor: Chain mail        |     7 |    90 |    20 |   102 |   175 ||   394
       Plate armour      |       |       |    47 |    35 |       ||    82
Dodge: Dodged            |     6 |    60 |    47 |   127 |   151 ||   391
Block: Buckler           |       |    16 |    86 |   112 |   181 ||   395
       Reflection        |       |       |     6 |     2 |    11 ||    19
       Orb               |       |       |       |    14 |       ||    14

Table legend: (Time is in decaauts)
 A = Elapsed time spent in this place.
 B = Non-inter-level travel time spent in this place.
 C = Inter-level travel time spent in this place.
 D = Time resting spent in this place.
 E = Time spent auto-exploring this place.
 F = Levels seen in this place.
 G = Mean time per level.
                   A        B        C        D        E       F      G
               +--------+--------+--------+--------+--------+-----+--------+
         Total |  21755 |  20472 |   1283 |   5676 |  11212 |  19 | 1145.0 |
       Dungeon |  19148 |  17956 |   1192 |   4930 |  10439 |  15 | 1276.5 |
  Orcish Mines |   1950 |   1859 |     91 |    562 |    744 |   2 |  975.0 |
         Abyss |    657 |    657 |      0 |    183 |     29 |   2 |  328.5 |
               +--------+--------+--------+--------+--------+-----+--------+

Top non-repeatable levels by time:
    D:12: 2510 daAuts
    D:14: 2469 daAuts
     D:8: 1733 daAuts
    D:15: 1685 daAuts
     D:6: 1476 daAuts
    D:13: 1371 daAuts
    D:10: 1205 daAuts
   Orc:2: 1127 daAuts
    D:11: 1080 daAuts
     D:2: 1014 daAuts
     D:4: 1003 daAuts
     D:3: 967 daAuts
     D:9: 935 daAuts
   Orc:1: 822 daAuts
     D:7: 792 daAuts
